 Dungeon Crawl Stone Soup version 0.29-a0-717-g6dac4ea423 (webtiles) character file.

Game seed: 6766807498921204685

5 gobodom the Gusty (level 1, -2/10 HPs)
             Began as a Tengu Air Elementalist on June 27, 2022.
             Slain by a quokka (3 damage)
             ... on level 1 of the Dungeon.
             The game lasted 00:00:30 (141 turns).

gobodom the Gusty (Tengu Air Elementalist)           Turns: 141, Time: 00:00:31

Health: -2/10      AC:  2    Str:  8    XL:     1   Next: 80%
Magic:  1/4        EV: 12    Int: 15    God:
Gold:   36         SH:  0    Dex: 14    Spells: 3/4 levels left

rFire   . . .      SeeInvis .   (no weapon)
rCold   . . .      Faith    .   (no shield)
rNeg    . . .      Spirit   .   a - +0 robe
rPois   .          Reflect  .   (helmet restricted)
rElec   .          Harm     .   (no cloak)
rCorr   .          Rampage  .   (no gloves)
Will    .....                   (boots unavailable)
Stlth   ++........              (no amulet)
HPRegen 0.03/turn               (no ring)
MPRegen 0.09/turn               (no ring)

@: no status effects
A: beak, talons 3
a: no special abilities


You were on level 1 of the Dungeon.
You visited 1 branch of the dungeon, and saw 1 of its levels.

You collected 36 gold pieces.

Inventory:

Armour
 a - a +0 robe (worn)
Scrolls
 c - a scroll of teleportation {unknown}
 d - a scroll of brand weapon {unknown}
Potions
 b - a potion of magic


   Skills:
 + Level 2.2 Dodging
 + Level 2.0 Stealth
 + Level 2.1 Spellcasting
 + Level 1.3 Conjurations
 + Level 4.3 Air Magic


You had 3 spell levels left.
You knew the following spells:

 Your Spells              Type           Power      Damage    Failure   Level
a - Shock                 Conj/Air       40%        1d5       7%          1

Your spell library contained the following spells:

 Spells                   Type           Power      Damage    Failure   Level
 Static Discharge         Conj/Air       10%        N/A       11%         2
 Swiftness                Air            14%        N/A       11%         3
 Airstrike                Air            7%         N/A       36%         4


Dungeon Overview and Level Annotations

Branches:
Dungeon (1/15)

Altars:


Innate Abilities, Weirdness & Mutations

You have a beak for a mouth.
You have claws for feet.


Message History

a +0 club; a goblin corpse
d - a scroll labelled ZIESEH GAPLOLEU A bat comes into view.
Found 7 gold pieces.
Found a stone staircase leading down.
The zap hits the bat.
You kill the bat!
There is a stone staircase leading down here.
Found a helmet.
You now have 36 gold pieces (gained 7).
A ball python comes into view.
The zap hits the ball python.
You kill the ball python!
Found 5 stones.
A goblin and a quokka come into view.
The goblin shouts!
A quokka comes into view.
You miscast Shock.
You are very lightly contaminated with residual magic.
Nothing appears to happen.
A jackal comes into view. x2
The zap hits the quokka.
You kill the quokka!
The jackal barks! x2
The zap hits the quokka.
The quokka is lightly wounded.
The zap misses the jackal.
An endoplasm comes into view.
A ball python comes into view.
The zap hits the quokka.
The quokka is moderately wounded.
The zap misses the jackal.
The ball python hisses angrily.
You are out of magic!
The quokka bites you. x2
Your magical contamination has completely faded away.
The quokka attacks as you move away! The quokka barely misses you.
The quokka attacks as you move away! The quokka bites you.
* * * LOW HITPOINT WARNING * * *
The quokka attacks as you move away! The quokka closely misses you.
The quokka bites you.
You die...

#)# #.##.# .# ### #.# #.##.#
#.# #.^ ##.###.##.# #.###
#.# ## .....#)##.# #.#.. ...
.# #......##.# #.#[# #.# .#
#..#.####.# #.#.# #.# .#
#..#.# #.# #.#.# #.# .#
#..#.####.#####.#.###.##.#
#..#.........>..@#..hgS..###
#..######.#######r###.h....#
#.........# ### ###........
#.######### ##.#.#### #.##
....# #..# .....# ##.#
.S...# #.# ..... #.# ......


You could see a quokka.

Vanquished Creatures
  A ball python (D:1)
  A quokka (D:1)
  A bat (D:1)
  2 goblins (D:1)
5 creatures vanquished.

Notes
Turn   | Place    | Note
-------+----------+-------------------------------------------
     0 | D:1      | gobodom the Tengu Air Elementalist began the quest for the
                  | Orb.
     0 | D:1      | Reached XP level 1. HP: 10/10 MP: 4/4
   141 | D:1      | Slain by a quokka

Illustrated notes

Levels and vault maps discovered:
D:1:      lightli_arrival_boilingwater, layout_loops_ring,
          shapermc_ecumenical_altar_hornbeckon

Action                   || total
-------------------------++-------
 Cast: Shock             ||     8
Dodge: Dodged            ||     2

Table legend: (Time is in decaauts)
 A = Elapsed time spent in this place.
 B = Non-inter-level travel time spent in this place.
 C = Inter-level travel time spent in this place.
 D = Time resting spent in this place.
 E = Time spent auto-exploring this place.
 F = Levels seen in this place.
 G = Mean time per level.
                   A        B        C        D        E       F      G
               +--------+--------+--------+--------+--------+-----+--------+
         Total |    143 |    143 |      0 |      0 |    106 |   1 |  143.0 |
       Dungeon |    143 |    143 |      0 |      0 |    106 |   1 |  143.0 |
               +--------+--------+--------+--------+--------+-----+--------+

Top non-repeatable levels by time:
     D:1: 143 daAuts
